 Dungeon Crawl Stone Soup version 0.21.1 (webtiles) character file.

219 shakethe the Ducker (level 5, -2/53 HPs)
             Began as a Troll Monk on Feb 4, 2018.
             Slain by bmj180's ghost (17 damage)
             ... on level 3 of the Dungeon.
             The game lasted 00:18:07 (3449 turns).

shakethe the Ducker (Troll Monk)                    Turns: 3449, Time: 00:18:07

Health: -2/53      AC:  5    Str: 19    XL:     5   Next: 64%
Magic:  4/4        EV: 11    Int:  6    God:
Gold:   169        SH:  0    Dex: 13    Spells: 4/4 levels left

rFire    . . .     SeeInvis .   d - +2 short sword (speed)
rCold    . . .     Gourm    +   (no shield)
rNeg     . . .     Faith    .   a - +0 robe
rPois    .         Spirit   .   (helmet restricted)
rElec    .         Reflect  .   (no cloak)
rCorr    .         Harm     .   (gloves unavailable)
MR       .....                  (boots unavailable)
Stlth    ++........             (no amulet)
HPRegen  0.57/turn              (no ring)
MPRegen  0.09/turn              (no ring)

@: no status effects
A: large, unfitting armour, claws 3, fast metabolism 3, gourmand, regeneration
1, shaggy fur 1, tough skin 2
a: no special abilities


You were on level 3 of the Dungeon.
You were full.

You visited 1 branch of the dungeon, and saw 3 of its levels.

You collected 169 gold pieces.

Inventory:

Hand Weapons
 d - a +2 short sword of speed (weapon)
 j - a cursed +0 quarterstaff
Armour
 a - a +0 robe (worn)
Jewellery
 f - an uncursed amulet of the gourmand
Scrolls
 e - a scroll of blinking
 g - a scroll of remove curse
 h - 2 scrolls of teleportation
Potions
 i - a potion of brilliance {unknown}
Comestibles
 b - 10 rations


   Skills:
 + Level 3.3 Fighting
 * Level 3.1 Short Blades
 + Level 3.3 Dodging
 - Level 1.0 Stealth
 - Level 3.0 Unarmed Combat


You had 4 spell levels left.
You didn't know any spells.

Dungeon Overview and Level Annotations

Branches:
Dungeon (3/15)

Altars:

Annotations:
D:3 bmj180's ghost, amateur HaFi


Innate Abilities, Weirdness & Mutations

You are too large for most types of armour.
You have claws for hands.
Your metabolism is lightning-fast.
You like to eat raw meat.
Your natural rate of healing is unusually fast.
You are covered in fur. (AC +1)
You have very tough skin. (AC +2)


Message History

You hit bmj180's ghost but do no damage.
Bmj180's ghost hits you.
You hit bmj180's ghost.
Bmj180's ghost is lightly damaged.
You barely miss bmj180's ghost.
Bmj180's ghost is lightly damaged.
Bmj180's ghost hits you.
You are electrocuted!
You barely miss bmj180's ghost.
Bmj180's ghost is lightly damaged.
Bmj180's ghost hits you!
Unknown command.
You hit bmj180's ghost but do no damage.
Bmj180's ghost is lightly damaged.
You puncture bmj180's ghost!
Bmj180's ghost is moderately damaged.
Bmj180's ghost hits you! Bmj180's ghost hits you!
* * * LOW HITPOINT WARNING * * *
You are electrocuted!
You die...

#..........####...# #.###
#..........#..'...+ .. .
#.#'####'#.##.#...# . #
...#....#.#.##.#...# #
#.######.#.#....####### #.#
...#....#.#.# ###......# .. ###
#.##.#.#.# #......#
#......#.#####......########
#....#.#.#.@.'......'.......
#......#.#W###......#.......
##.......#..##......#.......
#.#....###.#.......#.......
#######'#'#......#.......#.......
#...........W#####.......#.......
#..................#####.########
#...........############.#...<...
############# #........#.#.......


You could see bmj180's ghost.

Vanquished Creatures
  An orc priest (D:3)
  Terence (D:2)
  4 gnolls
  6 adders
  An ooze (D:2)
  A worm (D:3)
  A dart slug (D:1)
  2 leopard geckos (D:2)
  3 orcs
  6 bats
  2 giant cockroaches
  5 goblins
  10 hobgoblins
  6 kobolds
  A quokka (D:3)
  2 ball pythons (D:1)
  4 frilled lizards (D:1)
  6 rats
62 creatures vanquished.

Notes
Turn   | Place    | Note
-------+----------+-------------------------------------------
     0 | D:1      | shakethe the Troll Monk began the quest for the Orb.
     0 | D:1      | Reached XP level 1. HP: 22/22 MP: 0/0
   319 | D:1      | Reached XP level 2. HP: 29/29 MP: 1/1
   557 | D:1      | Reached skill level 1 in Short Blades
  1368 | D:2      | Reached XP level 3. HP: 36/36 MP: 2/2
  1400 | D:2      | Noticed Terence
  1424 | D:2      | Killed Terence
  1617 | D:2      | Reached XP level 4. HP: 29/44 MP: 3/3
  1748 | D:1      | HP: 1/45 [gnoll/flail (5)]
  2572 | D:2      | Reached XP level 5. HP: 53/53 MP: 4/4
  3435 | D:3      | Noticed bmj180's ghost (amateur HaFi)
  3449 | D:3      | Slain by bmj180's ghost

Skill      XL: |  1  2  3  4  5 |
---------------+----------------+-----
Short Blades   | 1 2 3 |  3.1
Dodging        | 3 |  3.3
Fighting       | 3 |  3.3
Stealth        | |  1.0
Unarmed Combat | |  3.0

Action                   |  1- 3 |  4- 6 || total
-------------------------+-------+-------++-------
Melee: Short sword       |   106 |   164 ||   270
       Punch             |     1 |     4 ||     5
       Unarmed           |     1 |       ||     1
  Use: Scroll            |       |     6 ||     6
 Stab: Sleeping          |       |     1 ||     1
  Eat: Chunk             |    19 |    14 ||    33
Armor: Robe              |    41 |    44 ||    85
Dodge: Dodged            |    56 |    85 ||   141
